 Dungeon Crawl Stone Soup version 0.29-a0-830-gcb1280458a (webtiles) character file.

Game seed: 3607876741040977484

1106 ytrimaz the Cleaver (level 8, -7/58 HPs)
             Began as a Demonspawn Fighter on July 11, 2022.
             Mangled by a gnoll sergeant
             ... wielding a +2 vorpal trident
              (14 damage)
             ... on level 5 of the Dungeon.
             The game lasted 00:05:40 (5740 turns).

ytrimaz the Cleaver (Demonspawn Fighter)            Turns: 5740, Time: 00:05:40

Health: -7/58      AC: 13    Str: 19    XL:     8   Next: 11%
Magic:  8/8        EV:  9    Int:  9    God:
Gold:   262        SH:  5    Dex: 13    Spells: 7/7 levels left

rFire   . . .      SeeInvis .   a - +0 war axe
rCold   . . .      Faith    .   c - +0 buckler
rNeg    + . .      Spirit   .   f - +1 chain mail
rPois   .          Reflect  .   (helmet restricted)
rElec   .          Harm     .   s - +1 cloak
rCorr   +          Rampage  .   (no gloves)
Will    .....                   q - +0 pair of boots
Stlth   ..........              (no amulet)
HPRegen 0.19/turn               g - ring of positive energy
MPRegen 0.11/turn               p - ring of resist corrosion

@: mighty, studying Dodging
A: horns 2, repulsion field 1, demonic guardian 2
a: no special abilities


You were on level 5 of the Dungeon.
You visited 2 branches of the dungeon, and saw 6 of its levels.

You collected 262 gold pieces.

Inventory:

Hand Weapons
 a - a +0 war axe (weapon)
Armour
 c - a +0 buckler (worn)
 f - a +1 chain mail (worn)
 i - a +0 plate armour
 q - a +0 pair of boots (worn)
 s - a +1 cloak (worn)
Jewellery
 g - a ring of positive energy (left hand)
 p - a ring of resist corrosion (right hand)
Wands
 n - a wand of mindburst (12)
Scrolls
 h - a scroll of teleportation
 l - 5 scrolls of identify
 r - a scroll of enchant armour
 t - 2 scrolls of amnesia
 u - a scroll of noise
Potions
 b - 2 potions of brilliance
 e - a potion of cancellation
 j - 2 potions of mutation
 k - 2 potions of flight
 m - a potion of lignification
 o - a potion of magic
 v - a potion of heal wounds


   Skills:
 - Level 3.0 Fighting
 + Level 8.4 Axes
 - Level 2.6 Armour
 - Level 4.0 Shields


You had 7 spell levels left.
You didn't know any spells.
Your spell library contained the following spells:

 Spells                   Type           Power      Damage    Failure   Level
 Dazzling Flash           Conj/Hex       0%         N/A       100%        3
 Frozen Ramparts          Ice            0%         1d2       100%        3
 Ozocubu's Armour         Ice            0%         N/A       100%        3
 Ice Form                 Ice/Tmut       0%         N/A       100%        4
 Iskenderun's Mystic Bla  Conj/Tloc      0%         2d3       100%        4
 Summon Ice Beast         Ice/Summ       0%         N/A       100%        4
 Metabolic Englaciation   Hex/Ice        0%         N/A       100%        5
 Simulacrum               Ice/Necr       0%         N/A       100%        6
 Starburst                Conj/Fire      0%         6d3       100%        6


Dungeon Overview and Level Annotations

Branches:
Dungeon (5/15)             Temple (1/1) D:4

Altars:
Hepliaklqana
Kikubaaqudgha
Nemelex Xobeh
Sif Muna
Trog
Vehumet
Lugonu

Shops:
D:5 *?


Innate Abilities, Weirdness & Mutations

You have a pair of horns on your head.
You are surrounded by a mild repulsion field. (EV +2)
A demonic guardian rushes to your aid.


Message History

The ufetubus hits you but does no damage.
The gnoll sergeant completely misses you.
The ufetubus hits you but does no damage.
The ufetubus hits you.
The gnoll sergeant hits you from afar with a +2 vorpal trident!
You miss the ufetubus. Your headbutt misses the ufetubus.
The ufetubus is heavily wounded.
The ufetubus hits you.
The ufetubus hits you but does no damage.
The ufetubus barely misses you.
The ufetubus hits you but does no damage.
The gnoll sergeant hits you from afar with a +2 vorpal trident.
You slice the ufetubus!!
You kill the ufetubus!
The gnoll sergeant hits you from afar with a +2 vorpal trident.
* * * LOW HITPOINT WARNING * * *
x2 The adder bites you but does no damage.
Unknown command.
Unknown command.
You barely miss the adder. The adder bites you but does no damage.
You block the gnoll sergeant's attack.
Unknown command.
The adder barely misses you.
You barely miss the adder. You headbutt the adder!
The adder is almost dead.
You block the adder's attack. You block the gnoll sergeant's attack.
Unknown command.
You closely miss the adder. Your headbutt misses the adder.
The adder is almost dead.
The adder bites you but does no damage.
The gnoll sergeant hits you from afar with a +2 vorpal trident.
* * * LOW HITPOINT WARNING * * *
A demonic guardian appears!
* * * LOW HITPOINT WARNING * * *
The adder bites you but does no damage.
You slash the adder!
You kill the adder!
You block the gnoll sergeant's attack.
The gnoll sergeant hits you from afar with a +2 vorpal trident!
You die...

.#∩ # .## ... ####. #.# #.#
.....##g. #.# #......g# #.#
#.......# #.# #.......# #.#
#......g###########.##########
..gg...gggOg†@4.......†.......
.g.....gggg########.##..###...
.......###.########.###.###...
.###### #..........# #..##...
#########..# ##.##### #..#
#..# #...# ##.# #..... #.#
#.##...######


You could see an ogre, 2 gnoll sergeants, 7 gnolls and a friendly orange demon
(summoned).

Vanquished Creatures
  An orc warrior (D:4)
  An ice beast (D:5)
  Crazy Yiuf (D:3)
  An iguana (D:5)
  An orc wizard (D:5)
  Robin (D:2)
  5 adders
  An ufetubus (D:5)
  2 dart slugs (D:1)
  9 orcs
  4 endoplasms
  2 giant cockroaches (D:1)
  10 goblins
  7 hobgoblins
  5 jackals
  7 quokkas
  7 ball pythons
  6 bats
  3 frilled lizards
  5 kobolds
  4 rats
83 creatures vanquished.

Vanquished Creatures (collateral kills)
  A hornet (D:4)
  Menkaure (D:4)
  Edmund (D:4)
  A black bear (D:3)
  An ogre (D:4)
  A scorpion (D:4)
  3 gnolls (D:4)
  2 goblins
  A hobgoblin (D:4)
12 creatures vanquished.

Vanquished Creatures (others)
  2 plants (D:1)
2 creatures vanquished.

Grand Total: 97 creatures vanquished

Notes
Turn   | Place    | Note
-------+----------+-------------------------------------------
     0 | D:1      | ytrimaz the Demonspawn Fighter began the quest for the Orb.
     0 | D:1      | Reached XP level 1. HP: 18/18 MP: 1/1
    85 | D:1      | Reached skill level 2 in Axes
   441 | D:1      | Gained mutation: You have a pair of small horns on your
                  | head. [demonic ancestry]
   441 | D:1      | Reached XP level 2. HP: 24/24 MP: 2/2
   877 | D:1      | Gained mutation: A weak demonic guardian rushes to your
                  | aid. [demonic ancestry]
   877 | D:1      | Reached XP level 3. HP: 29/29 MP: 3/3
  1261 | D:2      | Reached skill level 3 in Axes
  1762 | D:2      | Identified the +3 helmet of Serendipity {Str+5}
  1762 | D:2      | Noticed Robin
  1769 | D:2      | Gained mutation: A demonic guardian rushes to your aid.
                  | [demonic ancestry]
  1769 | D:2      | Reached XP level 4. HP: 18/35 MP: 4/4
  1778 | D:2      | Killed Robin
  2158 | D:2      | Identified the +6 quarterstaff of the Stopping Gods
                  | {vorpal, rCorr Str-4 Int+4}
  2733 | D:3      | Noticed a black bear
  2747 | D:3      | Killed a black bear
  2748 | D:3      | Reached skill level 4 in Axes
  2748 | D:3      | Gained mutation: You are surrounded by a mild repulsion
                  | field. (EV +2) [demonic ancestry]
  2748 | D:3      | Reached XP level 5. HP: 6/41 MP: 5/5
  3571 | D:3      | Found a runed translucent door.
  3572 | D:3      | Noticed Crazy Yiuf
  3755 | D:3      | Killed Crazy Yiuf
  3980 | D:4      | Noticed Menkaure
  3987 | D:4      | Noticed Edmund
  3989 | D:4      | Killed Menkaure
  3990 | D:4      | Reached skill level 5 in Axes
  3990 | D:4      | Gained mutation: You have a pair of horns on your head.
                  | [demonic ancestry]
  3990 | D:4      | Reached XP level 6. HP: 17/47 MP: 6/6
  4205 | D:4      | Killed Edmund
  4206 | D:4      | Reached skill level 6 in Axes
  4496 | D:4      | Found a staircase to the Ecumenical Temple.
  4565 | Temple   | Entered the Ecumenical Temple
  4670 | D:4      | Reached XP level 7. HP: 10/52 MP: 7/7
  4947 | D:4      | Noticed a hornet
  4957 | D:4      | Killed a hornet
  4958 | D:4      | Reached skill level 7 in Axes
  4975 | D:4      | Reached skill level 8 in Axes
  5435 | D:5      | Entered Level 5 of the Dungeon
  5435 | D:5      | Found Inagol's Magic Scroll Shoppe.
  5590 | D:5      | Reached XP level 8. HP: 49/58 MP: 8/8
  5716 | D:5      | Found Cumo's Assorted Antiques.
  5740 | D:5      | Mangled by a gnoll sergeant

Illustrated notes

Levels and vault maps discovered:
D:1:      saegor_arrival_simple_c, layout_rooms, serial_bayou_ford_a
D:2:      layout_basic, grunt_decor_arrowhead, uniq_robin
D:3:      layout_loops_ring, uniq_crazy_yiuf_cottage
D:4:      layout_rooms, minmay_temple_entry_arrows, minmay_manual_mail,
          uniq_menkaure, uniq_edmund
D:5:      layout_basic, serial_corexii_hall, corexii_hall_statues_s,
          corexii_hall_statues_x, serial_shops, shop_scrolls,
          nicolae_shop_window_shopping, uniq_pikel, uniq_sigmund, uniq_eustachio
Temple:   corrupted_temple

Skill      XL: |  1  2  3  4  5  6  7 |
---------------+----------------------+-----
Axes           | 2 3 4 5 6 8 |  8.4
Shields        | 3 4 |  4.0
Fighting       | |  3.0
Armour         | |  2.6

Action                   |  1- 3 |  4- 6 |  7- 9 || total
-------------------------+-------+-------+-------++-------
Melee: War axe           |    85 |    72 |    62 ||   219
       Headbutt          |     6 |    19 |     6 ||    31
  Use: Scroll            |     4 |     9 |     1 ||    14
       Potion            |     1 |       |     2 ||     3
Armor: Scale mail        |     9 |       |       ||     9
       Chain mail        |    72 |    73 |    40 ||   185
Dodge: Dodged            |    43 |    20 |    43 ||   106
Block: Buckler           |    25 |    23 |    27 ||    75

Table legend: (Time is in decaauts)
 A = Elapsed time spent in this place.
 B = Non-inter-level travel time spent in this place.
 C = Inter-level travel time spent in this place.
 D = Time resting spent in this place.
 E = Time spent auto-exploring this place.
 F = Levels seen in this place.
 G = Mean time per level.
                   A        B        C        D        E       F      G
               +--------+--------+--------+--------+--------+-----+--------+
         Total |   5813 |   5622 |    191 |   1936 |   2939 |   6 |  968.8 |
       Dungeon |   5772 |   5593 |    179 |   1936 |   2918 |   5 | 1154.4 |
        Temple |     40 |     28 |     12 |      0 |     21 |   1 |   40.0 |
               +--------+--------+--------+--------+--------+-----+--------+

Top non-repeatable levels by time:
     D:2: 1681 daAuts
     D:3: 1542 daAuts
     D:4: 1229 daAuts
     D:1: 1008 daAuts
     D:5: 310 daAuts
  Temple: 40 daAuts
